 Dungeon Crawl Stone Soup version 0.28.0-43-g3370ac3207 (console) character file.

Game seed: 5084683293049339308

49 Zeor the Cudgeller (level 3, 0/23 HPs)
             Began as a Gargoyle Monk on Mar 26, 2022.
             Slain by Sigmund
             ... wielding a +0 scythe
              (11 damage)
             ... on level 2 of the Dungeon.
             The game lasted 00:04:31 (1805 turns).

Zeor the Cudgeller (Gargoyle Monk)                  Turns: 1805, Time: 00:04:31

Health: 0/23       AC:  9    Str: 16    XL:     3   Next: 75%
Magic:  3/3        EV: 12    Int: 10    God:
Gold:   29         SH:  0    Dex: 12    Spells: 2/2 levels left

rFire   . . .      SeeInvis .   a - +0 mace
rCold   . . .      Faith    .   (no shield)
rNeg    + . .      Spirit   .   b - +0 robe
rPois   ∞          Reflect  .   c - +0 helmet
rElec   +          Harm     .   (no cloak)
rCorr   .          Rampage  .   k - +2 pair of gloves
Will    .....                   (no boots)
Stlth   +.........              (no amulet)
HPRegen 0.07/turn               (no ring)
MPRegen 0.08/turn               (no ring)

@: confused, attractive
A: sickness immunity, AC +3, negative energy resistance 1, electricity
resistance, torment resistance 1, petrification resistance
a: no special abilities


You were on level 2 of the Dungeon.
You visited 1 branch of the dungeon, and saw 2 of its levels.

You collected 29 gold pieces.

Inventory:

Hand Weapons
 a - a +0 mace (weapon)
Armour
 b - a +0 robe (worn)
 c - a +0 helmet (worn)
 d - a +0 tower shield
 k - a +2 pair of gloves (worn)
Jewellery
 e - a ring of flight
Scrolls
 g - a scroll of identify
 i - a scroll of immolation


   Skills:
 + Level 3.5 Fighting
 * Level 4.2 Maces & Flails
 + Level 2.6 Dodging
 - Level 2.2 Stealth


You had 2 spell levels left.
You didn't know any spells.
Your spell library was empty.

Dungeon Overview and Level Annotations

Branches:
Dungeon (2/15)

Altars:

Annotations:
D:2 Sigmund


Innate Abilities, Weirdness & Mutations

You are immune to sickness and miasma.
Your stone body is resilient. (AC +3)
You are immune to poison.
You resist negative energy. (rN+)
You are resistant to electric shocks. (rElec)
You are resistant to unholy torment.
You are immune to petrification.


Message History

The magic dart hits you. Sigmund hits you but does no damage.
Sigmund hits you but does no damage. Sigmund casts a spell at you.
The magic dart hits you but does no damage.
You feel less confused. Sigmund hits you but does no damage.
Sigmund hits you but does no damage.
You hit Sigmund but do no damage. Sigmund hits you but does no damage.
You closely miss Sigmund. You hit Sigmund.
Sigmund is lightly wounded.
Your transformation is almost over.
Sigmund casts a spell.
Sigmund flickers and vanishes!
Deactivating autopickup; reactivate with Ctrl-A.
You cannot move.
You cannot move.
You cannot move.
You cannot move.
You cannot move.
Unknown command.
You cannot move.
Unknown command.
You cannot move.
You cannot move.
You cannot move.
Something hits you but does no damage. Something hits you!
Something hits you but does no damage.
You hear some strange, mumbled words.
You are confused.
You cannot move. (Use ctrl+direction or * direction to attack without moving.)
Something hits you! Something hits you but does no damage.
You feel less wooden.
Your +0 helmet unmelds from your body.
Your +2 pair of gloves unmelds from your body.
Your +0 robe unmelds from your body.
Something hits you!
You die... ▒▒▒▒▒▒▒▒▒ ∙∙∙∙∙∙∙∙∙

>∙∙∙∙∙∙∙∙▒▒▒▒▒
∙∙∙∙∙∙∙∙∙∙∙∙∙▒
∙∙∙∙∙∙∙∙∙∙∙∙∙▒
∙∙∙∙∙∙∙∙∙∙∙∙∙▒
∙∙∙∙∙∙∙∙{∙∙∙∙▒
∙∙∙∙∙∙∙∙9∙∙∙∙▒
∙∙∙∙∙∙∙∙∙∙∙∙∙▒
∙∙∙∙∙∙∙∙∙∙∙∙∙▒
∙∙∙∙∙∙∙∙∙∙∙∙∙▒
∙∙∙∙∙∙∙∙∙∙∙∙∙▒
∙∙∙∙∙∙∙∙∙∙∙∙∙▒
∙∙∙∙∙∙∙∙∙∙∙∙∙▒▒▒
▒▒∙∙∙∙∙∙∙∙∙∙∙∙∙∙
▒▒▒▒▒▒▒∙▒∙▒▒▒▒▒


There were no monsters in sight!

Vanquished Creatures
  A worm (D:2)
  A dart slug (D:1)
  A ball python (D:1)
  3 bats (D:1)
  3 endoplasms (D:1)
  4 giant cockroaches
  10 goblins
  4 hobgoblins (D:1)
  3 jackals (D:1)
  A quokka (D:2)
  2 frilled lizards (D:1)
  A kobold (D:1)
  3 rats
37 creatures vanquished.

Notes
Turn   | Place    | Note
-------+----------+-------------------------------------------
     0 | D:1      | Zeor the Gargoyle Monk began the quest for the Orb.
     0 | D:1      | Reached XP level 1. HP: 14/14 MP: 1/1
   339 | D:1      | Reached XP level 2. HP: 18/19 MP: 2/2
   722 | D:1      | Reached XP level 3. HP: 19/23 MP: 3/3
  1304 | D:2      | Reached skill level 4 in Maces & Flails
  1667 | D:2      | Found a faded altar of an unknown god.
  1772 | D:2      | Noticed Sigmund
  1805 | D:2      | Slain by Sigmund

Illustrated notes

Levels and vault maps discovered:
D:1:      evilmike_arrival_grusome_pit, layout_loops_ring
D:2:      minmay_general_purpose_star, layout_basic,
          ebering_ecumenical_altar_rust, uniq_sigmund

Skill      XL: |  1  2  3 |
---------------+----------+-----
Maces & Flails | 4 |  4.2
Fighting       | |  3.5
Dodging        | |  2.6
Stealth        | |  2.2

Action                   || total
-------------------------++-------
Melee: Mace              ||    99
       Punch             ||     2
  Use: Scroll            ||     3
       Potion            ||     2
 Stab: Sleeping          ||     6
Armor: Robe              ||    33
       Skin              ||    14
Dodge: Dodged            ||    53
